 Dungeon Crawl Stone Soup version 0.26-a0-812-g31a745ddcd (webtiles) character file.

Game seed: 12964781854772163466

71 vurker the Sneak (level 4, 0/32 HPs)
             Began as a Gnoll Enchanter on Dec 5, 2020.
             Succumbed to an adder's poison
             ... on level 2 of the Dungeon.
             The game lasted 00:02:35 (2022 turns).

vurker the Sneak (Gnoll Enchanter)                  Turns: 2022, Time: 00:02:36

Health: 0/32       AC:  4    Str: 10    XL:     4   Next: 24%
Magic:  11/11      EV: 12    Int: 18    God:
Gold:   122        SH:  7    Dex: 16    Spells: 12/13 levels left

rFire    . . .     SeeInvis .   a - +1 dagger
rCold    . . .     Faith    .   f - +0 kite shield
rNeg     . . .     Spirit   .   b - +0 robe
rPois    .         Reflect  .   (no helmet)
rElec    .         Harm     .   (no cloak)
rCorr    .         Rampage  .   (no gloves)
MR       .....     Clarity  +   (no boots)
Stlth    +++.......             (no amulet)
HPRegen  0.10/turn              (no ring)
MPRegen  0.12/turn              (no ring)

@: brilliant, lethally poisoned (0 -> -8)
A: distributed training, fangs 1, iridescent scales 1, clarity, strong nose
a: no special abilities


You were on level 2 of the Dungeon.
You visited 1 branch of the dungeon, and saw 2 of its levels.

You collected 122 gold pieces.

Inventory:

Hand Weapons
 a - a +1 dagger (weapon)
Armour
 b - a +0 robe (worn)
 f - a +0 kite shield (worn)
   (You found it on level 2 of the Dungeon)
Scrolls
 c - 2 scrolls of teleportation {unknown}
 g - a scroll of amnesia {unknown}


   Skills:
 + Level 1.1 Fighting
 + Level 2.7 Short Blades
 + Level 1.1 Long Blades
 + Level 1.1 Axes
 + Level 1.1 Maces & Flails
 + Level 1.1 Polearms
 + Level 1.1 Staves
 + Level 1.1 Slings
 + Level 1.1 Bows
 + Level 1.1 Crossbows
 + Level 1.1 Throwing
 + Level 1.1 Armour
 + Level 4.6 Dodging
 + Level 6.0 Stealth
 + Level 1.1 Shields
 + Level 1.1 Unarmed Combat
 + Level 5.0 Spellcasting
 + Level 0.8 Conjurations
 + Level 5.4 Hexes
 + Level 0.8 Summonings
 + Level 0.8 Necromancy
 + Level 0.8 Translocations
 + Level 0.8 Transmutations
 + Level 0.8 Fire Magic
 + Level 0.8 Ice Magic
 + Level 0.8 Air Magic
 + Level 0.8 Earth Magic
 + Level 0.8 Poison Magic
 + Level 1.2 Invocations
 + Level 1.1 Evocations


You had 12 spell levels left.
You knew the following spells:

 Your Spells              Type           Power        Failure   Level
a - Corona                Hex            #####..      9%          1

Your spell library contained the following spells:

 Spells                   Type           Power        Failure   Level
 Confusing Touch          Hex            #####...     24%         3
 Tukima's Dance           Hex            #####...     24%         3
 Ensorcelled Hibernation  Hex/Ice        ###...       32%         2
 Dazzling Flash           Conj/Hex       ###...       54%         3


Dungeon Overview and Level Annotations

Branches:
Dungeon (2/15)

Altars:
Xom


Innate Abilities, Weirdness & Mutations

Your experience applies equally to all skills.
You have very sharp teeth.
Your uncanny sense of smell can sniff out nearby items.
You are partially covered in iridescent scales. (AC +2)
You possess an exceptional clarity of mind.


Message History

The adder bites you.
* * * LOW HITPOINT WARNING * * *
You are more poisoned.
The adder poisons you!
You miss the adder.
* * * LOW HITPOINT WARNING * * *
You feel sick. The adder barely misses you.
Okay, then.
You miss the adder.
* * * LOW HITPOINT WARNING * * *
You feel sick. The adder barely misses you.
It was a potion of mutation.
You feel extremely strange.
Your thoughts seem clearer.
Iridescent scales grow over part of your body.
* * * LOW HITPOINT WARNING * * *
You feel sick. The adder closely misses you.
It was a potion of brilliance.
You feel clever all of a sudden. You block the adder's attack.
The adder bites you.
* * * LOW HITPOINT WARNING * * *
You are more poisoned.
The adder poisons you!
You hit the adder.
* * * LOW HITPOINT WARNING * * *
You feel sick. You block the adder's attack.
You miss the adder.
* * * LOW HITPOINT WARNING * * *
You feel sick. You block the adder's attack.
Sorry, you're not good enough to have a special ability.
Firing (i - inventory) No suitable missiles.
Aim: an adder (moderately wounded)
Okay, then.
You hit the adder.
* * * LOW HITPOINT WARNING * * *
You feel sick. You block the adder's attack.
You hit the adder.
* * * LOW HITPOINT WARNING * * *
You feel sick. The adder closely misses you. You block the adder's attack.
You hit the adder.
You kill the adder!
* * * LOW HITPOINT WARNING * * *
You feel sick.
* * * LOW HITPOINT WARNING * * *
You feel sick.
You see here an adder corpse.
* * * LOW HITPOINT WARNING * * *
You feel sick.
* * * LOW HITPOINT WARNING * * *
You feel sick.
You die...

.......†#########
....#......# ...
#......##
#...†...#
#...†...#
#.......###+##
####.........#
#.........#
#...@.....#
#...........
####.####### #.#
#.# #.# #.# #.#


There were no monsters in sight!

Vanquished Creatures
  4 adders (D:2)
  A worm (D:2)
  3 leopard geckos
  4 giant cockroaches
  4 goblins
  2 hobgoblins (D:1)
  4 kobolds
  2 bats
  2 frilled lizards (D:1)
  4 rats
30 creatures vanquished.

Notes
Turn   | Place    | Note
-------+----------+-------------------------------------------
     0 | D:1      | vurker the Gnoll Enchanter began the quest for the Orb.
     0 | D:1      | Reached XP level 1. HP: 13/13 MP: 6/6
   107 | D:1      | Found a shimmering altar of Xom.
   127 | D:1      | Reached XP level 2. HP: 11/19 MP: 7/7
  1349 | D:2      | Reached skill level 5 in Spellcasting
  1349 | D:2      | Reached XP level 3. HP: 18/25 MP: 7/9
  1448 | D:2      | Reached skill level 6 in Stealth
  1448 | D:2      | Reached skill level 1 in Invocations
  1917 | D:2      | Reached skill level 1 in Fighting
  1917 | D:2      | Reached skill level 1 in Long Blades
  1917 | D:2      | Reached skill level 1 in Axes
  1917 | D:2      | Reached skill level 1 in Maces & Flails
  1917 | D:2      | Reached skill level 1 in Polearms
  1917 | D:2      | Reached skill level 1 in Staves
  1917 | D:2      | Reached skill level 1 in Slings
  1917 | D:2      | Reached skill level 1 in Bows
  1917 | D:2      | Reached skill level 1 in Crossbows
  1917 | D:2      | Reached skill level 1 in Throwing
  1917 | D:2      | Reached skill level 1 in Armour
  1917 | D:2      | Reached skill level 1 in Shields
  1917 | D:2      | Reached skill level 1 in Unarmed Combat
  1917 | D:2      | Reached skill level 1 in Evocations
  2007 | D:2      | Reached XP level 4. HP: 24/32 MP: 11/11
  2011 | D:2      | Gained mutation: You possess an exceptional clarity of
                  | mind. [potion of mutation]
  2011 | D:2      | Gained mutation: You are partially covered in iridescent
                  | scales. (AC +2) [potion of mutation]
  2021 | D:2      | HP: 1/32 [poisoned by an adder]
  2022 | D:2      | Succumbed to an adder's poison

Illustrated notes

Levels and vault maps discovered:
D:1:      shiori_shiawase, layout_loops_ring, minivault_26,
          minmay_stone_trees_small, hangedman_decor_growths, xom_teletrap_fun
D:2:      layout_basic, overflow_temple_1_default

Skill      XL: |  1  2  3 |
---------------+----------+-----
Spellcasting   | 5 |  5.0
Stealth        | 6 |  6.0
Invocations    | 1 |  1.2
Fighting       | 1 |  1.1
Long Blades    | 1 |  1.1
Axes           | 1 |  1.1
Maces & Flails | 1 |  1.1
Polearms       | 1 |  1.1
Staves         | 1 |  1.1
Slings         | 1 |  1.1
Bows           | 1 |  1.1
Crossbows      | 1 |  1.1
Throwing       | 1 |  1.1
Armour         | 1 |  1.1
Shields        | 1 |  1.1
Unarmed Combat | 1 |  1.1
Evocations     | 1 |  1.1
Short Blades   | |  2.7
Dodging        | |  4.6
Conjurations   | |  0.8
Hexes          | |  5.4
Summonings     | |  0.8
Necromancy     | |  0.8
Translocations | |  0.8
Transmutations | |  0.8
Fire Magic     | |  0.8
Ice Magic      | |  0.8
Air Magic      | |  0.8
Earth Magic    | |  0.8
Poison Magic   | |  0.8

Action                   |  1- 3 |  4- 6 || total
-------------------------+-------+-------++-------
Melee: Dagger            |   117 |     8 ||   125
       Bite              |    11 |     1 ||    12
  Use: Potion            |     2 |     2 ||     4
 Stab: Sleeping          |    11 |       ||    11
Armor: Robe              |    11 |       ||    11
Dodge: Dodged            |    71 |     5 ||    76
Block: Kite shield       |     8 |     5 ||    13

Table legend: (Time is in decaauts)
 A = Elapsed time spent in this place.
 B = Non-inter-level travel time spent in this place.
 C = Inter-level travel time spent in this place.
 D = Time resting spent in this place.
 E = Time spent auto-exploring this place.
 F = Levels seen in this place.
 G = Mean time per level.
                   A        B        C        D        E       F      G
               +--------+--------+--------+--------+--------+-----+--------+
         Total |   2009 |   1973 |     36 |      0 |   1701 |   2 | 1004.5 |
       Dungeon |   2009 |   1973 |     36 |      0 |   1701 |   2 | 1004.5 |
               +--------+--------+--------+--------+--------+-----+--------+

Top non-repeatable levels by time:
     D:1: 1257 daAuts
     D:2: 752 daAuts
